cohdb
Replays
Latest Replays
All Replays
Popular Replays
Top Player Replays
Match Explorer
How It Works
Community
CoH3 Stats
Reddit
Sign in to upload your games and track your stats! →
Sign in with Steam
Match 42581564
Unlisted
Match 42581564
Overview
Messages
Build Orders
End
Scout Squad
Selects Special Operations Battlegroup
Selects M29 Weasel Recon Vehicle
M29 Weasel Recon Vehicle
Construct Barracks
Riflemen Squad
Riflemen Squad
Riflemen Squad
Construct Weapon Support Center
Infantry Support Center
Construct Medical Station
M3 Armored Personnel Carrier
M1918 Browning Automatic Rifles
Selects Raiding Flares
Selects SSF Commando Squad
SSF Commando Squad
Construct Tank Depot
Engineer Squad
SSF Commando Squad
M4(105) Sherman Bulldozer
NotQuiteAKing
TechBee
AfroNinja
Rommel
0
0
Comments
sign in to comment!
No comments posted yet!